cohdb
Replays
Latest Replays
All Replays
Popular Replays
Top Player Replays
Match Explorer
How It Works
Community
CoH3 Stats
Reddit
Sign in to upload your games and track your stats! →
Sign in with Steam
Match 46022982
Unlisted
Match 46022982
Overview
Messages
Build Orders
End
Scout Squad
Scout Squad
Selects Heavy Weapons
Construct Weapon Support Center
M1919 Machine Gun Team
M1919 Machine Gun Team
M1919 Machine Gun Team
Mechanized Support Center
Selects M2HB .50cal Heavy Machine Gun
M3 Armored Personnel Carrier
Construct Medical Station
Bazooka Squad
Selects Assault Carriers
Construct Motor Pool
M3 75 mm Gun Motor Carriage
Selects Halftrack Strongpoints
M16 Multiple Gun Motor Carriage
M1919 Machine Gun Team
Designate Forward Repair Station
Rapid Repairs
Selects Gallant Stand
Scout Squad
M3 75 mm Gun Motor Carriage
M1919 Machine Gun Team
Bazooka Squad
MähnGiL
Barbarossa
0
0
Comments
sign in to comment!
No comments posted yet!